 Dungeon Crawl Stone Soup version 0.32-a0-355-ged53ad6 (webtiles) character file.

Game seed: 6841059120310752405

12135 Remcycle the Severer (level 12, 0/73 (89) HPs)
             Began as a Formicid Fighter on Feb 18, 2024.
             Was a High Priest of Cheibriados.
             Killed from afar by a laughing skull (22 damage)
             ... with a bolt of negative energy
             ... in a Gauntlet.
             The game lasted 00:29:53 (8874 turns).

Remcycle the Severer (Formicid Fighter)             Turns: 8874, Time: 00:29:54

HP:   0/73 (89)     AC: 16    Str: 35    XL:     12   Next: 16%
MP:   12/12         EV: 20    Int: 19    God:    Cheibriados [*****.]
Gold: 431           SH:  8    Dex: 26    Spells: 11/11 levels left

rFire   + + .        v - +1 battleaxe
rCold   . . .        c - +0 buckler
rNeg    . . .        t - +0 ring mail "Xainyifoo" {rF++ Regen+ rCorr Dex-3}
rPois   .            (helmet unavailable)
rElec   .            a - +2 cloak
rCorr   +            (no gloves)
SInv    +            f - +1 pair of boots
Will    +....        (no amulet)
Stlth   +            j - +5 ring of evasion
HPRegen 1.12/turn    u - +4 ring of protection
MPRegen 0.13/turn

%: no passive effects
@: heavily drained, very slow
A: permanent stasis, dig shafts and tunnels, antennae 3, four strong arms
a: Dig, Renounce Religion, Bend Time, Temporal Distortion, Slouch, Step From
Time


You were in a Gauntlet.
You worshipped Cheibriados.
Cheibriados was extremely pleased with you.
You visited 2 branches of the dungeon, and saw 12 of its levels.
You also visited: Gauntlet.

You collected 593 gold pieces.
You spent 162 gold pieces at shops.

Inventory:

Hand Weapons
 n - a +2 scimitar of flaming
 v - a +1 battleaxe (weapon)
Armour
 a - a +2 cloak (worn)
 c - a +0 buckler (worn)
 f - a +1 pair of boots (worn)
 t - the +0 ring mail "Xainyifoo" (worn) {rF++ Regen+ rCorr Dex-3}
   (You bought it in a shop on level 5 of the Dungeon)

   Dex-3:     It affects your dexterity (-3).
   rF++:      It greatly protects you from fire.
   Regen+:    It increases your rate of health regeneration.
   rCorr:     It protects you from acid and corrosion.
Jewellery
 j - a +5 ring of evasion (left hand)
 r - a ring of positive energy
 u - a +4 ring of protection (right hand)
 y - a +6 ring of strength
Wands
 o - a wand of polymorph (11)
 w - a wand of mindburst (4)
 x - a wand of quicksilver (7)
Scrolls
 e - a scroll of identify
 i - a scroll of enchant armour
Potions
 b - 2 potions of enlightenment
 d - 6 potions of might
 g - 7 potions of curing
 h - a potion of mutation
 k - a potion of heal wounds
 l - a potion of invisibility
 m - 3 potions of cancellation
 p - 2 potions of lignification
 q - 3 potions of resistance
 s - a potion of haste
 z - a potion of experience {unknown}


   Skills:
 + Level 6.6 Fighting
 + Level 15.2 Axes
 + Level 6.7 Armour
 + Level 4.7 Dodging
 + Level 8.1 Shields


You had 11 spell levels left.
You didn't know any spells.
Your spell library contained the following spells:

 Spells                   Type           Power      Damage    Failure   Level
 Kiss of Death            Conj/Necr      0%         2d5       30%         1
 Lesser Beckoning         Tloc           0%         N/A       41%         2
 Static Discharge         Conj/Air       0%         3-3/arc   41%         2
 Confusing Touch          Hex            0%         N/A       65%         3
 Gell's Gravitas          Tloc           0%         N/A       65%         3
 Ozocubu's Armour         Ice            0%         N/A       65%         3
 Teleport Other           Tloc           0%         N/A       65%         3
 Airstrike                Air            0%         2d(0-16)  96%         4
 Dispel Undead            Necr           0%         3d6       96%         4
 Summon Lightning Spire   Summ/Air       0%         N/A       96%         4
 Metabolic Englaciation   Hex/Ice        0%         N/A       100%        5
 Sculpt Simulacrum        Ice/Alch       0%         N/A       100%        6


Dungeon Overview and Level Annotations

Branches:
Dungeon (11/15)            Temple (1/1) D:6            Lair (0/5) D:11
    Orc (0/2) D:10        Gauntlet (1/1)

Altars:
Ashenzari
Cheibriados
Dithmenos
Elyvilon
Fedhas
Gozag
Hepliaklqana
Kikubaaqudgha
Makhleb
Nemelex Xobeh
Okawaru
Qazlal
Ru
Sif Muna
Trog
Uskayaw
Vehumet
Wu Jian
Xom
Yredelemnul
Zin
The Shining One
Beogh

Shops:
D:4 [   D:5 [

Annotations:
D:3 3 runed translucent doors, ooops's ghost, amateur DsSh
D:7 1 runed translucent door, arrowsters's ghost, novice OnMo Gauntlet 11 transporters, exclusion: lightning spire


Innate Abilities, Weirdness & Mutations

You cannot be hasted, slowed, berserked, paralysed or teleported.
You can dig through walls and to a lower floor.
You have a pair of large antennae on your head. (SInv)
Your four strong arms can wield two-handed weapons with a shield.


Message History

The laughing skull is almost destroyed.
The laughing skull cackles spitefully.
The bolt of negative energy hits you!
You feel drained. The laughing skull closely misses you.
You closely miss the laughing skull.
The laughing skull is almost destroyed.
You slash the laughing skull!
The laughing skull gibbers with scorn.
The bolt of negative energy hits you!!
You feel drained.
The laughing skull gibbers darkly at how history will forget everyone present.
The laughing skull closely misses you.
The laughing skull gibbers with scorn.
The bolt of negative energy hits you!!
You feel drained.
You are too injured to fight recklessly!
You closely miss the laughing skull.
The laughing skull is almost destroyed.
You slice the laughing skull!!
You destroy the laughing skull!
Cheibriados thoroughly appreciates the change of pace.
The laughing skull gibbers with scorn.
The bolt of negative energy misses you.
You closely miss the laughing skull.
The laughing skull is almost destroyed.
The laughing skull misses you.
You barely miss the laughing skull.
The laughing skull is almost destroyed.
You block the laughing skull's attack.
The laughing skull cackles spitefully.
The bolt of negative energy hits you!
You feel drained.
* * * LOW HITPOINT WARNING * * *
You closely miss the laughing skull.
The laughing skull is almost destroyed.
You block the laughing skull's attack.
You hit the laughing skull but do no damage.
The laughing skull is almost destroyed.
The laughing skull lets out a vicious peal of laugher.
The bolt of negative energy hits you!!
You feel drained.
You die...
The laughing skull crumbles to pieces from sheer joy.
Cheibriados appreciates the motionlessness of death.

###...ß.#...#..§≈ß≈...#...
#ß#.....#.©.#....§....#.©.
###..###########...#######
#..#..#$©...(#...#QQ§}©!
###..#...#.....#...#.≈...≈
#ß#..#...#....##...#.≈≈...
###..#....#.##.#...#.≈§≈§≈
#..#...###...#...#§§§≈.≈
###..#.##@#....#...#≈.≈...
#ß#..##..z.#...#...#©≈.§§.
###..#.....#...#.∩.#Q≈..§§
#..#......#..#...#Q.≈≈.§
###..###########...#######
#ß#.......©.............©.
###≈............≈∩≈.......
########################
#ß# #ß# #ß# #ß# #ß# #ß


You could see a laughing skull.

Vanquished Creatures
  Erica (D:9)
  A two-headed ogre (D:9)
  A deep elf pyromancer (D:10)
  A manticore (D:11)
  Joseph (D:8)
  2 gargoyles (D:10)
  Jeremiah (D:7)
  A rime drake (D:11)
  A tengu conjurer (D:10)
  A komodo dragon (D:11)
  2 ice devils (D:10)
  2 trolls
  Grinder (D:3)
  A wyvern (D:8)
  4 fire elementals (D:10)
  5 yaks (D:9)
  3 steam dragons
  2 wargs (D:10)
  4 vampire mosquitoes (D:10)
  An acid dragon (D:9)
  A water moccasin (D:7)
  7 ice beasts
  5 orc warriors
  A black bear (D:6)
  4 ogres
  A laughing skull (Gauntlet)
  2 wolves (D:11)
  5 centaurs
  4 kobold brigands
  A bullfrog (D:7)
  3 scorpions
  5 wights (D:8)
  12 killer bees
  4 howler monkeys
  3 hounds
  4 orc priests
  A gnoll bouda (D:6)
  2 jellies
  4 iguanas
  2 orc wizards
  A sleepcap (D:6)
  13 adders
  7 gnolls
  A shadow imp (D:8)
  2 white imps
  4 ufetubi
  2 dart slugs (D:2)
  3 ribbon worms
  24 orcs
  8 endoplasms
  3 giant cockroaches
  8 goblins
  10 hobgoblins
  5 jackals
  29 kobolds
  A quokka (D:2)
  5 ball pythons
  11 bats
  3 frilled lizards
  8 rats
255 creatures vanquished.

Vanquished Creatures (others)
  2 orcs (D:9)
2 creatures vanquished.

Grand Total: 257 creatures vanquished

Notes
Turn   | Place    | Note
-------+----------+-------------------------------------------
     0 | D:1      | Remcycle the Formicid Fighter began the quest for the Orb.
     0 | D:1      | Reached XP level 1. HP: 18/18 MP: 1/1
   130 | D:1      | Reached XP level 2. HP: 24/24 MP: 2/2
   217 | D:1      | Reached skill level 3 in Axes
   820 | D:2      | Reached XP level 3. HP: 29/29 MP: 3/3
   913 | D:2      | Reached skill level 4 in Axes
   913 | D:2      | Reached XP level 4. HP: 32/35 MP: 4/4
  1152 | D:2      | Reached XP level 5. HP: 30/41 MP: 5/5
  1200 | D:2      | Identified the +1 scale mail of Love and Death {^Contam
                  | Int+8}
  1276 | D:2      | Reached skill level 5 in Axes
  1719 | D:3      | Found a runed translucent gate.
  1720 | D:3      | Found a runed translucent gate.
  1720 | D:3      | Noticed ooops's ghost (amateur DsSh)
  1721 | D:3      | Found a runed translucent gate.
  1723 | D:3      | Identified the +0 chain mail "Yrotukh" {Dex+3 Stlth+}
  1995 | D:3      | Reached XP level 6. HP: 47/47 MP: 6/6
  2001 | D:3      | Noticed Grinder
  2016 | D:3      | Killed Grinder
  2017 | D:3      | Reached skill level 7 in Axes
  2017 | D:3      | Reached XP level 7. HP: 26/52 MP: 7/7
  2535 | D:3      | Found a roughly hewn altar of Beogh.
  2870 | D:4      | Found a shadowy altar of Dithmenos.
  2885 | D:4      | Reached skill level 8 in Axes
  2957 | D:4      | Found Girias's Armour Shop.
  3036 | D:4      | Found a broken altar of Ashenzari.
  3240 | D:5      | Entered Level 5 of the Dungeon
  3250 | D:4      | Reached XP level 8. HP: 21/58 MP: 8/8
  3476 | D:5      | Reached skill level 9 in Axes
  3905 | D:5      | Found Guvyenit's Antique Armour Boutique.
  3968 | D:5      | Bought a bloodstained ring mail for 162 gold pieces
  3968 | D:5      | Identified the +0 ring mail "Xainyifoo" {rF++ Regen+ rCorr
                  | Dex-3} (You bought it in a shop on level 5 of the Dungeon)
  4076 | D:6      | Found a staircase to the Ecumenical Temple.
  4085 | Temple   | Entered the Ecumenical Temple
  4110 | Temple   | Became a worshipper of Cheibriados the Contemplative
  4129 | Temple   | Reached skill level 10 in Axes
  4501 | D:6      | Reached XP level 9. HP: 64/64 MP: 9/9
  4615 | D:6      | Reached skill level 11 in Axes
  4712 | D:6      | Reached * piety under Cheibriados
  5121 | D:7      | Reached skill level 12 in Axes
  5476 | D:7      | Found a runed translucent door.
  5479 | D:7      | Noticed arrowsters's ghost (novice OnMo)
  5516 | D:7      | Reached ** piety under Cheibriados
  5627 | D:7      | Noticed Jeremiah
  5647 | D:7      | Killed Jeremiah
  5648 | D:7      | Reached skill level 13 in Axes
  5648 | D:7      | Reached XP level 10. HP: 68/70 MP: 10/10
  6036 | D:8      | Found an iron altar of Okawaru.
  6110 | D:8      | Found a radiant altar of Vehumet.
  6234 | D:8      | Noticed Joseph
  6253 | D:8      | Killed Joseph
  6254 | D:8      | Reached skill level 14 in Axes
  6364 | D:8      | Found a shimmering altar of Xom.
  6698 | D:8      | Reached *** piety under Cheibriados
  6791 | D:9      | Noticed a two-headed ogre
  6796 | D:9      | Killed a two-headed ogre
  6797 | D:9      | Reached skill level 1 in Dodging
  6940 | D:9      | Identified the +10 dagger of the Madman {holy, rCorr Str+2
                  | Dex+2}
  7010 | D:9      | Reached skill level 5 in Shields
  7098 | D:9      | Noticed Erica
  7116 | D:9      | Killed Erica
  7117 | D:9      | Reached XP level 11. HP: 38/78 MP: 11/11
  7439 | D:9      | Reached skill level 5 in Fighting
  7439 | D:9      | Reached skill level 5 in Armour
  7537 | D:10     | Entered Level 10 of the Dungeon
  7554 | D:10     | Reached **** piety under Cheibriados
  7637 | D:10     | Found a staircase to the Orcish Mines.
  7889 | D:10     | Noticed a deep elf pyromancer
  7894 | D:10     | Killed a deep elf pyromancer
  7981 | D:10     | Reached skill level 15 in Axes
  8223 | D:10     | Reached ***** piety under Cheibriados
  8515 | D:11     | Reached XP level 12. HP: 78/89 MP: 12/12
  8530 | D:11     | Found a staircase to the Lair.
  8606 | D:11     | Noticed a boulder beetle
  8635 | D:11     | Found a gate leading to a gauntlet.
  8644 | Gauntlet | Entered a Gauntlet
  8644 | Gauntlet | Noticed a tengu warrior
  8644 | Gauntlet | Found a transporter.
  8644 | Gauntlet | Found a transporter.
  8644 | Gauntlet | Found a transporter.
  8671 | Gauntlet | Found a transporter.
  8674 | Gauntlet | Found a transporter.
  8674 | Gauntlet | Found a transporter.
  8680 | Gauntlet | Noticed a death scarab
  8684 | Gauntlet | Found a transporter.
  8688 | Gauntlet | Found a transporter.
  8695 | Gauntlet | Noticed a fire crab
  8698 | Gauntlet | Found a transporter.
  8803 | Gauntlet | Found a transporter.
  8806 | Gauntlet | Found a transporter.
  8816 | Gauntlet | Found a transporter.
  8874 | Gauntlet | Killed from afar by a laughing skull

Illustrated notes

Levels and vault maps discovered:
D:1:      dpeg_arrival_radiant, layout_loops_ring
D:2:      cheibrodos_helix_gallery, layout_rooms, serial_bayou_pond_c,
          minmay_joined_circles
D:3:      layout_loops_corners, biasface_ghost_orc_armoury, kennysheep_doodads,
          uniq_grinder
D:4:      layout_basic, nicolae_dithmenos_the_darkroom,
          nicolae_ashenzari_skybound, serial_shops,
          nicolae_shop_tiny_real_fake_doors
D:5:      layout_rooms, serial_shops, nicolae_diamond_shop
D:6:      layout_loops_ring, minmay_temple_entry_glass,
          serial_library_regret_index_small_wings
D:7:      layout_loops_corners, ebering_ghost_inner_flame, uniq_jeremiah
D:8:      layout_loops_ring, vehumet_crystals, lemuel_doored_altar,
          xom_redecorated, minivault_25, uniq_joseph
D:9:      layout_loops_ring, uniq_erica
D:10:     layout_loops_ring, david_orc_1_choice,
          dilly_guarded_unrand_elemental_staff
D:11:     layout_cave_pools, hellmonk_lair_entry_icy, gauntlet_entry_generic,
          worldfamousw_hep_ancestral_shrine, uniq_psyche
Temple:   nicolae_temple_bog_church
Gauntlet: gammafunk_gauntlet_hard_choice [nicolae_gauntlet_swirl,
          nicolae_gauntlet_arena_flowing_pool, gammafunk_gauntlet_arena_grid,
          gammafunk_gauntlet_arena_hedges, gammafunk_gauntlet_arena_corners,
          gammafunk_gauntlet_arena_crates, gauntlet_exit_watery]

Skill      XL: |  1  2  3  4  5  6  7  8  9 10 11 12 |
---------------+-------------------------------------+-----
Axes           | 3 4 5 7 8 10 13 14 15 | 15.2
Dodging        | 2 4 |  4.7
Fighting       | 4 6 |  6.6
Armour         | 4 6 |  6.7
Shields        | 5 7 8 |  8.1

Action                     |  1- 3 |  4- 6 |  7- 9 | 10-12 || total
---------------------------+-------+-------+-------+-------++-------
  Melee: War axe           |    43 |   148 |   310 |   116 ||   617
         Battleaxe         |       |       |       |   300 ||   300
Ability: Dig               |       |       |     1 |       ||     1
    Use: Scroll            |       |       |    11 |     7 ||    18
         Potion            |       |       |     2 |     3 ||     5
   Stab: Sleeping          |       |       |       |     1 ||     1
 Armour: Scale mail        |    41 |   100 |    96 |       ||   237
         Ring mail         |       |       |   120 |   260 ||   380
  Dodge: Dodged            |    20 |    79 |   147 |   244 ||   490
  Block: Buckler           |    13 |    41 |    81 |   149 ||   284

Table legend: (Time is in decaauts)
 A = Elapsed time spent in this place.
 B = Non-inter-level travel time spent in this place.
 C = Inter-level travel time spent in this place.
 D = Time resting spent in this place.
 E = Time spent auto-exploring this place.
 F = Levels seen in this place.
 G = Mean time per level.
                   A        B        C        D        E       F      G
               +--------+--------+--------+--------+--------+-----+--------+
         Total |  10914 |  10551 |    363 |    433 |   8070 |  13 |  839.5 |
       Dungeon |  10364 |  10022 |    342 |    307 |   7797 |  11 |  942.2 |
        Temple |    147 |    127 |     20 |    100 |      7 |   1 |  147.0 |
      Gauntlet |    403 |    403 |      0 |     26 |    266 |   1 |  403.0 |
               +--------+--------+--------+--------+--------+-----+--------+

Top non-repeatable levels by time:
    D:10: 1404 daAuts
     D:7: 1261 daAuts
     D:9: 1114 daAuts
     D:8: 1109 daAuts
     D:6: 1067 daAuts
     D:3: 1015 daAuts
     D:2: 817 daAuts
     D:4: 814 daAuts
     D:1: 805 daAuts
     D:5: 706 daAuts
Gauntlet: 403 daAuts
    D:11: 247 daAuts
  Temple: 147 daAuts
